 Dungeon Crawl Stone Soup version 0.28-a0-1286-g6bde065e89 (webtiles) character file.

Game seed: 3895962261015634067

18832 bearlyready the Brawler (level 12, -2/108 HPs)
             Began as a Ghoul Gladiator on Dec 26, 2021.
             Was a Follower of Yredelemnul.
             Shot with an arrow by a centaur warrior (19 damage)
             ... on level 11 of the Dungeon.
             The game lasted 00:15:51 (10835 turns).

bearlyready the Brawler (Ghoul Gladiator)          Turns: 10835, Time: 00:15:52

Health: -2/108     AC: 10    Str: 21    XL:     12   Next: 62%
Magic:  18/25      EV: 17    Int:  3    God:    Yredelemnul [*.....]
Gold:   597        SH:  0    Dex: 12    Spells: 11/11 levels left

rFire   . . .      SeeInvis .     - Unarmed
rCold   + . .      Faith    .   (no shield)
rNeg    + + +      Spirit   .   W - +0 steam dragon scales
rPois   ∞          Reflect  .   b - +0 helmet
rElec   .          Harm     .   x - +0 cloak {Stlth+}
rCorr   .          Rampage  .   (no gloves)
Will    .....                   u - +2 pair of boots
Stlth   ++........              y - amulet of regeneration
HPRegen 0.00/turn               A - +4 ring of evasion
MPRegen 0.19/turn               H - ring of magical power

@: inhibited regen
A: claws 1, cold resistance 1, negative energy resistance 3, inhibited
regeneration, torment resistance 2
a: Renounce Religion, Recall Undead Harvest


You were on level 11 of the Dungeon.
You worshipped Yredelemnul.
Yredelemnul was noncommittal.
You visited 2 branches of the dungeon, and saw 12 of its levels.
You also visited: Ossuary and Bailey.

You collected 662 gold pieces.
You spent 65 gold pieces at shops.

Inventory:

Missiles
 c - a throwing net
 j - 21 poisoned darts (quivered)
 l - 277 stones
 q - 14 boomerangs
 v - 75 sling bullets
 L - 7 javelins
 Q - a curare-tipped dart
Armour
 b - a +0 helmet (worn)
 m - a +0 ring mail
 o - a +0 scale mail
 u - a +2 pair of boots (worn)
 x - a +0 cloak of stealth (worn)
 T - a +1 pair of gloves
 W - +0 steam dragon scales (worn)
Jewellery
 y - an amulet of regeneration (around neck)
 A - a +4 ring of evasion (left claw)
 E - an amulet of guardian spirit
 H - a ring of magical power (right claw)
 J - a ring of wizardry
Wands
 a - a wand of flame (29)
 K - a wand of polymorph (19)
 R - a wand of iceblast (5)
Scrolls
 g - a scroll of summoning {unknown}
 i - 5 scrolls of blinking
 n - 5 scrolls of teleportation
 r - a scroll of immolation {unknown}
 s - 2 scrolls of amnesia
 t - 3 scrolls of fog
 B - 4 scrolls of fear
 C - a scroll of acquirement {unknown}
 G - 2 scrolls of enchant weapon
 M - a scroll of torment {unknown}
 O - a scroll of silence {unknown}
 S - a scroll of holy word {unknown}
 U - 2 scrolls of vulnerability
 X - a scroll of identify
 Y - a scroll of noise {unknown}
Potions
 d - 5 potions of haste
 e - 3 potions of attraction
 f - 2 potions of heal wounds
 h - 5 potions of lignification
 k - 2 potions of berserk rage
 p - 3 potions of cancellation {unknown}
 w - 8 potions of might
 z - 4 potions of degeneration
 D - 2 potions of resistance {unknown}
 F - 2 potions of flight {unknown}
 I - 3 potions of curing
 N - 2 potions of mutation {unknown}
 P - a potion of magic {unknown}
 V - a potion of ambrosia {unknown}
 Z - a potion of brilliance {unknown}


   Skills:
 + Level 10.9 Fighting
 - Level 1.7 Throwing
 + Level 5.3 Dodging
 + Level 17.5 Unarmed Combat
 - Level 7.0 Invocations


You had 11 spell levels left.
You didn't know any spells.
Your spell library contained the following spells:

 Spells                   Type           Power      Damage    Failure   Level
 Apportation              Tloc           0%         N/A       52%         1
 Magic Dart               Conj           0%         1d3       52%         1
 Sandblast                Erth           0%         2d4       52%         1
 Summon Small Mammal      Summ           0%         N/A       52%         1
 Passwall                 Tmut/Erth      0%         N/A       67%         2
 Searing Ray              Conj           0%         2d4       67%         2
 Call Canine Familiar     Summ           0%         N/A       88%         3
 Ozocubu's Armour         Ice            0%         N/A       88%         3
 Stone Arrow              Conj/Erth      0%         3d7       88%         3
 Summon Guardian Golem    Hex/Summ       0%         N/A       88%         3
 Fulminant Prism          Conj/Hex       0%         3d6       99%         4
 Alistair's Intoxication  Tmut/Pois      0%         N/A       100%        5
 Metabolic Englaciation   Hex/Ice        0%         N/A       100%        5
 Simulacrum               Ice/Necr       0%         N/A       100%        6


Dungeon Overview and Level Annotations

Branches:
Dungeon (11/15)            Temple (1/1) D:6            Lair (0/6) D:9
Ossuary (visited)          Bailey (visited)
    Orc: D:9-12

Altars:
Ashenzari
Cheibriados
Dithmenos
Elyvilon
Fedhas
Gozag
Hepliaklqana
Kikubaaqudgha
Makhleb
Nemelex Xobeh
Okawaru
Qazlal
Ru
Sif Muna
Trog
Uskayaw
Vehumet
Wu Jian
Xom
Yredelemnul
Zin
The Shining One

Shops:
D:1 (   D:5 !   D:7 :(   D:8 [   D:10 *


Innate Abilities, Weirdness & Mutations

You thrive by killing the living.
You are immune to poison.
You have sharp fingernails.
Your flesh is cold resistant. (rC+)
You are immune to negative energy. (rN+++)
You do not regenerate when monsters are visible.
You are immune to unholy pain and torment.


Message History

Your vampire barely misses the phantasmal warrior.
Your vampire bites the phantasmal warrior but does no damage.
Your shadow wraith hits the death knight!!
Your shadow wraith drains the death knight's vigour!
The death knight seems to slow down.
Your polar bear zombie bites the death knight.
Your polar bear zombie claws the death knight. x2
The death knight offers itself to Yredelemnul, and fills with unholy energy.
The centaur warrior shoots an arrow.
The arrow barely misses you. Yredelemnul sends a servant to aid you.
Yredelemnul accepts your bounty of souls!
You can no longer trade souls for undead servants.
The phantasmal warrior closely misses your vampire.
The centaur warrior shoots an arrow.
The arrow hits you!!
* * * LOW HITPOINT WARNING * * *
Your vampire hits the phantasmal warrior but does no damage.
Your vampire bites the phantasmal warrior but does no damage.
Your shadow wraith closely misses the death knight.
The freezing wraith hits your vampire.
The freezing wraith freezes your vampire.
Your vampire resists.
The freezing wraith hits your vampire.
The freezing wraith drains your vampire's vigour!
Your vampire seems to slow down.
You swap places.
The centaur warrior shoots an arrow.
The arrow hits your shadow wraith!
The phantasmal warrior hits your vampire but does no damage.
Your shadow wraith hits the death knight!
Your shadow wraith suffers a backlash!
The death knight hits your shadow wraith with a +0 broad axe!!
The death knight hits your vampire with a +0 broad axe.
Your vampire hits the death knight but does no damage.
Your vampire bites the death knight.
Your vampire draws strength from the death knight's injuries!
Your vampire suffers a backlash!
The centaur warrior shoots an arrow.
The arrow closely misses your shadow wraith.
The arrow hits you!!
You die...
Yredelemnul claims you as an undead slave.

#......###.# #(##..## #.#
#.##>.# #.# #.##..####.##
#...)........ ####)))......
##### #......Z#.. ###...###
#...#..Z#.. ##....(@V##
#.#####.#.. ##.....Z.W.# #.
###.#.. ##...#####.pc# #.
#...#.. #...##...##VWH##Z
###.#.#
##..##.....##W.##.#####.#.#
#.).#.......#WD.#...#...#..
#...#...#...#...#...#...###
#.#.#.#.#..###..##..#..##..
#.##### ..#.. #...# #


You could see a storm dragon, a sphinx, a death knight (reflects damage, slow,
ally target), a centaur warrior (ally target), 2 phantasmal warriors, a freezing
wraith, a friendly shadow wraith (summoned, invisible), 2 friendly vampires and
a friendly cyclops zombie.

Vanquished Creatures
  A stone giant (D:11)
  Josephine (D:10)
  An ettin (D:11)
  2 vault guards (Bailey)
  A two-headed ogre (D:9)
  Pikel (D:8)
  2 cyclopes (D:11)
  Maggie (D:10)
  An unseen horror (D:11)
  2 kobold demonologists
  An efreet (D:11)
  A komodo dragon (D:9)
  A polar bear (shapeshifter) (D:11)
  A hornet (D:9)
  Prince Ribbit (D:5)
  A slime creature (D:11)
  A blink frog (Bailey)
  4 wraiths (D:10)
  15 yaks
  2 humans (Bailey)
  2 wyverns
  Menkaure (D:6)
  2 vampire mosquitoes (D:10)
  2 steam dragons (D:9)
  2 water moccasins
  An acid dragon (D:10)
  4 orc warriors
  3 sky beasts
  3 black bears
  2 ice beasts
  2 ogres
  5 centaurs
  14 bullfrogs
  3 kobold brigands
  4 scorpions
  2 wyvern zombies
  2 water moccasin zombies (Ossuary)
  7 killer bees (D:10)
  4 howler monkeys
  4 bullfrog zombies
  6 centaur zombies
  A hound (D:4)
  A gnoll shaman (D:5)
  2 bullfrog skeletons
  A centaur skeleton (D:6)
  A jelly (D:7)
  Crazy Yiuf (D:4)
  Ijyb (D:3)
  Terence (D:3)
  2 iguanas
  Natasha (twice) (D:3)
  3 orc wizards
  2 killer bee zombies (Ossuary)
  A hound skeleton (D:4)
  12 mummies (Ossuary)
  3 howler monkey zombies (Ossuary)
  12 gnolls
  5 adders
  A shadow imp (D:4)
  2 white imps
  An ufetubus (D:5)
  An adder skeleton (D:4)
  3 worms
  2 dart slugs
  20 orcs
  4 ball pythons
  4 endoplasms
  3 giant cockroaches
  4 goblins
  6 hobgoblins
  3 jackals (D:2)
  2 quokkas
  6 bats
  5 frilled lizards
  A goblin zombie (D:5)
  18 kobolds
  4 rats
  A rat zombie (D:5)
258 creatures vanquished.

Vanquished Creatures (collateral kills)
  2 hydras (D:11)
  A shadow (D:11)
  2 yaks
  A human (Bailey)
  A necrophage (D:6)
  An orc wizard (D:10)
  3 orcs
  2 kobolds (D:7)
13 creatures vanquished.

Vanquished Creatures (others)
  4 bullfrog zombies (Bailey)
  A human zombie (Bailey)
  A killer bee zombie (D:10)
  5 orc zombies
  10 fungi
  16 plants (D:9)
  9 withered plants (Ossuary)
46 creatures vanquished.

Grand Total: 317 creatures vanquished

Notes
Turn   | Place    | Note
-------+----------+-------------------------------------------
     0 | D:1      | bearlyready the Ghoul Gladiator began the quest for the
                  | Orb.
     0 | D:1      | Reached XP level 1. HP: 17/17 MP: 0/0
    12 | D:1      | Found Dany's Weapon Emporium.
   299 | D:1      | Reached XP level 2. HP: 18/24 MP: 1/1
   607 | D:1      | Reached skill level 4 in Unarmed Combat
   992 | D:2      | Reached XP level 3. HP: 15/29 MP: 2/2
  1785 | D:2      | Found a faded altar of an unknown god.
  2039 | D:3      | Reached skill level 5 in Unarmed Combat
  2039 | D:3      | Reached XP level 4. HP: 15/36 MP: 3/3
  2460 | D:3      | Noticed a black bear
  2475 | D:3      | Killed a black bear
  2476 | D:3      | Reached skill level 6 in Unarmed Combat
  2476 | D:3      | Reached XP level 5. HP: 33/41 MP: 4/4
  2686 | D:3      | Noticed Ijyb
  2687 | D:3      | Noticed Natasha
  2699 | D:3      | Killed Ijyb
  2700 | D:3      | Reached skill level 7 in Unarmed Combat
  2710 | D:3      | Killed Natasha
  2711 | D:3      | Reached XP level 6. HP: 43/48 MP: 5/5
  2734 | D:3      | Noticed Terence
  2753 | D:3      | Killed Terence
  2959 | D:3      | Noticed Natasha
  2973 | D:3      | Killed Natasha
  3143 | D:3      | Reached skill level 8 in Unarmed Combat
  3298 | D:4      | Reached XP level 7. HP: 55/55 MP: 6/6
  3727 | D:4      | Found a runed translucent door.
  3728 | D:4      | Noticed Crazy Yiuf
  3736 | D:4      | Killed Crazy Yiuf
  3768 | D:5      | Entered Level 5 of the Dungeon
  3787 | D:5      | Found a sand-covered staircase.
  3804 | Ossuary  | Entered an ossuary
  3821 | Ossuary  | Reached skill level 9 in Unarmed Combat
  4031 | Ossuary  | Reached skill level 10 in Unarmed Combat
  4076 | Ossuary  | Reached XP level 8. HP: 61/61 MP: 7/7
  4216 | Ossuary  | Reached skill level 11 in Unarmed Combat
  4726 | D:5      | Reached skill level 12 in Unarmed Combat
  4880 | D:5      | Noticed Prince Ribbit
  4889 | D:5      | Killed Prince Ribbit
  4890 | D:5      | Reached XP level 9. HP: 55/67 MP: 8/8
  5007 | D:5      | Found Zixi's Distillery.
  5015 | D:5      | Bought a potion of heal wounds for 65 gold pieces
  5082 | D:5      | Reached skill level 13 in Unarmed Combat
  5454 | D:6      | Found a staircase to the Ecumenical Temple.
  5461 | Temple   | Entered the Ecumenical Temple
  5610 | Temple   | Became a worshipper of Yredelemnul the Dark
  5690 | D:6      | Reached * piety under Yredelemnul
  5791 | D:6      | Noticed Menkaure
  5799 | D:6      | Killed Menkaure
  5893 | D:6      | Reached skill level 14 in Unarmed Combat
  5923 | D:6      | Reached ** piety under Yredelemnul
  6105 | D:6      | Found a broken altar of Ashenzari.
  6449 | D:7      | Reached skill level 1 in Invocations
  6517 | D:7      | Found Miruc's Weapon Shop.
  6550 | D:7      | Found Adaheh's Self-Improvement Boutique.
  6853 | D:7      | Reached XP level 10. HP: 77/77 MP: 10/10
  7191 | D:8      | Found a flagged portal.
  7215 | Bailey   | Entered a bailey
  7252 | Bailey   | Reached skill level 15 in Unarmed Combat
  7271 | Bailey   | Reached skill level 5 in Fighting
  7289 | Bailey   | Noticed a vault guard
  7300 | Bailey   | Killed a vault guard
  7303 | Bailey   | Reached skill level 5 in Invocations
  7377 | Bailey   | Noticed a vault guard
  7400 | Bailey   | Killed a vault guard
  7727 | D:8      | Reached XP level 11. HP: 91/91 MP: 14/14
  7772 | D:8      | Found Pekitae's Armour Emporium.
  7980 | D:8      | Noticed Pikel
  7985 | D:8      | Killed Pikel
  8242 | D:9      | Noticed a two-headed ogre
  8251 | D:9      | Killed a two-headed ogre
  8382 | D:9      | Reached skill level 16 in Unarmed Combat
  8636 | D:9      | Reached *** piety under Yredelemnul
  8643 | D:9      | Reached **** piety under Yredelemnul
  8745 | D:9      | Found a staircase to the Lair.
  8853 | D:10     | Entered Level 10 of the Dungeon
  8901 | D:10     | Found Jetie's Neck Hole.
  9055 | D:10     | Noticed Josephine
  9066 | D:10     | Killed Josephine
  9359 | D:10     | Reached ***** piety under Yredelemnul
  9708 | D:10     | Noticed Maggie
  9717 | D:10     | Killed Maggie
  9718 | D:10     | Reached XP level 12. HP: 79/105 MP: 16/16
 10084 | D:11     | Reached skill level 17 in Unarmed Combat
 10360 | D:11     | Reached skill level 10 in Fighting
 10586 | D:11     | Noticed an eight-headed hydra
 10602 | D:11     | Killed an eight-headed hydra
 10689 | D:11     | Noticed a stone giant
 10699 | D:11     | Killed a stone giant
 10700 | D:11     | Noticed a yaktaur captain
 10701 | D:11     | Noticed an eight-headed hydra
 10705 | D:11     | Killed an eight-headed hydra
 10706 | D:11     | Reached skill level 5 in Dodging
 10721 | D:11     | Identified the +5 great mace "Zeadeh" {pain, MP+9}
 10787 | D:11     | Noticed a yaktaur captain
 10794 | D:11     | Noticed an ettin
 10795 | D:11     | Noticed a storm dragon
 10795 | D:11     | Noticed a boulder beetle
 10796 | D:11     | Noticed a fire dragon
 10800 | D:11     | Killed an ettin
 10824 | D:11     | Noticed a centaur warrior
 10825 | D:11     | Noticed a death knight
 10827 | D:11     | Noticed a sphinx
 10835 | D:11     | Shot with an arrow by a centaur warrior

Illustrated notes

Levels and vault maps discovered:
D:1:      lemuel_arrival_behind_the_door_small, layout_basic, serial_shops,
          nicolae_shop_waterfront, minmay_misc_feat_four_crosses,
          chequers_serial_rivers_room_b
D:2:      layout_basic, shapermc_ecumenical_altar_mp_vishouse
D:3:      layout_basic, minmay_starry_boxes, uniq_terence, uniq_natasha,
          uniq_ijyb
D:4:      minmay_door_path, layout_rooms, uniq_crazy_yiuf_cottage
D:5:      wander_river, layout_basic, serial_shops, shop, enter_ossuary_4,
          uniq_prince_ribbit1
D:6:      layout_basic, kennysheep_mini_moat, minmay_temple_entry_mini_moons,
          uniq_menkaure
D:7:      layout_gridville, serial_shops, shop, nicolae_shop_self_help
D:8:      layout_loops_cross, enter_bailey_4, serial_shops,
          nicolae_diamond_shop, minivault_22, hangedman_abyss_or_decor_clamps,
          uniq_pikel
D:9:      layout_basic, grunt_lair_entry_orc_guard_hut, minmay_crystal_room,
          grunt_ministairs_6
D:10:     layout_basic, minmay_door_square, nicolae_shop_sticking_my_neck_out,
          uniq_maggie, uniq_josephine
D:11:     minmay_tile_spiral, layout_loops_ring, chequers_jeans
Temple:   compressed_dpeg_circular_temple

Skill      XL: |  1  2  3  4  5  6  7  8  9 10 11 12 |
---------------+-------------------------------------+-----
Unarmed Combat | 4 5 6 7 8 10 12 14 15 16 17 | 17.5
Invocations    | 2 5 7 |  7.0
Fighting       | 3 6 9 10 | 10.9
Dodging        | 3 5 |  5.3
Throwing       | |  1.7

Action                   |  1- 3 |  4- 6 |  7- 9 | 10-12 || total
-------------------------+-------+-------+-------+-------++-------
Melee: Unarmed           |    98 |   132 |   307 |   392 ||   929
       Punch             |       |     3 |    14 |    29 ||    46
Throw: Throwing net      |     2 |       |       |     2 ||     4
       Dart              |       |       |       |     8 ||     8
Invok: Dark Bargain      |       |       |       |     3 ||     3
       Recall Undead Har |       |       |       |     1 ||     1
Evoke: Wand              |       |       |     6 |       ||     6
  Use: Scroll            |       |       |     8 |     5 ||    13
       Potion            |       |       |       |     3 ||     3
 Stab: Distracted        |       |       |     2 |     4 ||     6
       Sleeping          |       |       |     1 |     1 ||     2
       Held in net/web   |       |       |       |     1 ||     1
Armor: Leather armour    |    27 |       |       |       ||    27
       Ring mail         |    24 |    58 |    88 |    78 ||   248
       Steam dragon scal |       |       |       |    30 ||    30
Dodge: Dodged            |    69 |    68 |   164 |   256 ||   557

Table legend: (Time is in decaauts)
 A = Elapsed time spent in this place.
 B = Non-inter-level travel time spent in this place.
 C = Inter-level travel time spent in this place.
 D = Time resting spent in this place.
 E = Time spent auto-exploring this place.
 F = Levels seen in this place.
 G = Mean time per level.
                   A        B        C        D        E       F      G
               +--------+--------+--------+--------+--------+-----+--------+
         Total |  10699 |  10373 |    326 |    441 |   7887 |  14 |  764.2 |
       Dungeon |   9483 |   9168 |    315 |    293 |   7252 |  11 |  862.1 |
        Temple |    164 |    153 |     11 |      0 |     55 |   1 |  164.0 |
       Ossuary |    735 |    735 |      0 |    148 |    372 |   1 |  735.0 |
        Bailey |    316 |    316 |      0 |      0 |    208 |   1 |  316.0 |
               +--------+--------+--------+--------+--------+-----+--------+

Top non-repeatable levels by time:
     D:3: 1207 daAuts
    D:10: 1042 daAuts
     D:2: 989 daAuts
     D:6: 936 daAuts
     D:1: 935 daAuts
    D:11: 886 daAuts
     D:5: 813 daAuts
 Ossuary: 735 daAuts
     D:7: 704 daAuts
     D:9: 684 daAuts
     D:8: 669 daAuts
     D:4: 613 daAuts
  Bailey: 316 daAuts
  Temple: 164 daAuts
